 Dungeon Crawl Stone Soup version 0.20.1-1-g8b1a95d (webtiles) character file.

382 vineage the Slasher (level 6, -1/46 HPs)
             Began as a Demonspawn Gladiator on Sept 22, 2017.
             Slain by Pikel
             ... wielding a +1 whip of flaming
              (3 damage)
             ... on level 4 of the Dungeon.
             The game lasted 00:05:34 (2405 turns).

vineage the Slasher (Demonspawn Gladiator)          Turns: 2405, Time: 00:05:35

Health: -1/46      AC: 14    Str: 14      XL:     6   Next: 47%
Magic:  6/6        EV:  7    Int:  8 (10) God:
Gold:   183        SH:  9    Dex: 14      Spells: 5/5 levels left

rFire    . . .     SeeInvis .   a - +2 long sword
rCold    . . .     Gourm    .   k - +1 shield
rNeg     . . .     Faith    .   n - +1 chain mail {rPois}
rPois    +         Spirit   .   p - +0 helmet
rElec    +         Reflect  .   b - +0 cloak
rCorr    .         Harm     .   e - +0 pair of gloves (curse)
MR       .....                  j - +0 pair of boots
Stlth    ..........             (no amulet)
Regen    0.2/turn               (no ring)
MPRegen  0.1/turn               (no ring)

@: flying, hasted, very quick
A: demonic guardian 1, powered by pain 1, electricity resistance, weak 1, sturdy
frame 2
a: no special abilities


You were on level 4 of the Dungeon.
You were very hungry.

You visited 1 branch of the dungeon, and saw 4 of its levels.

You collected 183 gold pieces.

Inventory:

Hand Weapons
 a - a +2 long sword (weapon)
Missiles
 d - 3 throwing nets (quivered)
Armour
 b - a +0 cloak (worn)
 e - a cursed +0 pair of gloves (worn)
 j - a +0 pair of boots (worn)
 k - a +1 shield (worn)
 n - a +1 chain mail of poison resistance (worn)
 p - a +0 helmet (worn)
Scrolls
 h - a scroll of recharging
 i - a scroll of identify
 o - a scroll of remove curse {unknown}
 q - a scroll of fog {unknown}
 s - a scroll of amnesia {unknown}
 t - a scroll of fear {unknown}
Books
 c - a book of Changes

   Spells                             Type                      Level
   a - Beastly Appendage              Transmutation                1
   b - Sticks to Snakes               Transmutation                2
   c - Spider Form                    Transmutation/Poison         3
   d - Ice Form                       Ice/Transmutation            4
   e - Blade Hands                    Transmutation                5
Comestibles
 f - a bread ration
 l - 2 fruits
 m - 2 royal jellies


   Skills:
 + Level 2.8 Fighting
 + Level 5.0 Long Blades
 + Level 1.9 Throwing
 + Level 2.0 Armour
 + Level 3.3 Dodging
 + Level 1.1 Stealth
 + Level 1.6 Shields


You had 5 spell levels left.
You didn't know any spells.

Dungeon Overview and Level Annotations

Branches:
Dungeon (4/15)
 Temple: D:4-7

Altars:
Cheibriados
Gozag
Hepliaklqana
Nemelex Xobeh
Ru

Annotations:
D:4 Pikel


Innate Abilities, Weirdness & Mutations

A weak demonic guardian rushes to your aid.
You sometimes gain a little power by taking damage.
Your movements are less encumbered by armour. (ER -4)
You are resistant to electric shocks. (rElec)
You are weak. (Str -2)


Message History

Pikel barely misses you.
Your ufetubus barely misses the slave.
Your ufetubus hits the slave but does no damage.
You block the slave's attack.
You hit Pikel.
Pikel is almost dead.
The slave hits your ufetubus!
Your ufetubus dies!
You block Pikel's attack. The slave hits you but does no damage.
You closely miss Pikel.
Pikel is almost dead.
The slave shouts!
Pikel hits you with a whip of flaming.
* * * LOW HITPOINT WARNING * * *
Pikel burns you.
* * * LOW HITPOINT WARNING * * *
The slave barely misses you.
You miss Pikel.
Pikel is almost dead.
Pikel hits you with a whip of flaming.
You die...

..8.... ##..##............ ##..
.......##............###.# ###..#
...._.#....###.......# #.# #....
......#....# #.......###.###.#.#
..........## #######...#.#.....##
.......K.# #....#.....##.##.
#....#########.#..#.#.####.##.
..##....##....##..#.##.#..#5..##.
.<..........p.##@##.##.##...####.
..#......#....pKp##....##.รท##
#.. .............#.Sp....####..#
#..
...............#.#...#.....####..
..#......#..........#.......##...
. #...#......................#.##
#..............#.#...........##
.##....###...................###
.....#.#...#................## #


You could see Pikel, 3 slaves and an adder.

Vanquished Creatures
  A slave (D:4)
  The ghost of vineage the Slasher, an amateur DsGl of Okawaru (D:3)
  A howler monkey (D:4)
  A centaur skeleton (D:4)
  Natasha (thrice) (D:2)
  A worker ant (D:4)
  A hound skeleton (D:4)
  A howler monkey skeleton (D:4)
  An adder (D:3)
  2 worms (D:2)
  A dart slug (D:2)
  2 leopard geckos
  6 orcs
  7 bats
  5 giant cockroaches
  A goblin (D:1)
  3 hobgoblins
  4 jackals (D:1)
  7 frilled lizards
  5 kobolds
  A leopard gecko skeleton (D:4)
  A quokka skeleton (D:4)
  8 rats
64 creatures vanquished.

Vanquished Creatures (collateral kills)
  Terence (D:2)
  4 gnolls (D:4)
  An adder (D:2)
  3 jackals (D:2)
9 creatures vanquished.

Grand Total: 73 creatures vanquished

Notes
Turn   | Place    | Note
-------+----------+-------------------------------------------
     0 | D:1      | vineage the Demonspawn Gladiator began the quest for the Orb.
     0 | D:1      | Reached XP level 1. HP: 16/16 MP: 1/1
   110 | D:1      | Gained mutation: You sometimes gain a little power by taking damage. [demonic ancestry]
   110 | D:1      | Reached XP level 2. HP: 7/22 MP: 2/2
   111 | D:1      | Reached skill level 3 in Long Blades
   817 | D:2      | Found a sparkling altar of Nemelex Xobeh.
   825 | D:2      | Gained mutation: A weak demonic guardian rushes to your aid. [demonic ancestry]
   825 | D:2      | Reached XP level 3. HP: 28/28 MP: 3/3
   853 | D:2      | Noticed Terence
   856 | D:2      | Noticed Natasha
   860 | D:2      | Killed Terence
   873 | D:2      | Killed Natasha
   873 | D:2      | Gained mutation: Your movements are slightly less encumbered by armour. (ER -2) [demonic ancestry]
   873 | D:2      | Reached XP level 4. HP: 17/34 MP: 4/4
  1220 | D:2      | Noticed Natasha
  1228 | D:2      | Killed Natasha
  1228 | D:2      | Reached skill level 4 in Long Blades
  1230 | D:2      | Reached skill level 1 in Armour
  1298 | D:2      | Found an opulent altar of Gozag.
  1327 | D:2      | Noticed Natasha
  1333 | D:2      | Killed Natasha
  1333 | D:2      | Gained mutation: Your movements are less encumbered by armour. (ER -4) [demonic ancestry]
  1333 | D:2      | Reached XP level 5. HP: 39/39 MP: 5/5
  1445 | D:3      | Noticed vineage's ghost (amateur DsGl)
  1454 | D:3      | Gained mutation: You are weak. (Str -2) [potion of mutation]
  1454 | D:3      | Gained mutation: You are resistant to electric shocks. (rElec) [potion of mutation]
  1466 | D:3      | Killed vineage's ghost
  1466 | D:3      | Reached skill level 1 in Shields
  1480 | D:3      | Found a snail-covered altar of Cheibriados.
  1643 | D:3      | Found a sacrificial altar of Ru.
  1886 | D:4      | Reached XP level 6. HP: 21/46 MP: 6/6
  2116 | D:4      | Reached skill level 5 in Long Blades
  2129 | D:4      | Reached skill level 1 in Stealth
  2358 | D:4      | Found a hazy altar of Hepliaklqana.
  2358 | D:4      | Noticed a slave
  2359 | D:4      | Noticed a slave
  2359 | D:4      | Noticed Pikel
  2359 | D:4      | Noticed a slave
  2359 | D:4      | Noticed a slave
  2394 | D:4      | Killed a slave
  2404 | D:4      | HP: 2/46 [Pikel/whip of flaming (3)]
  2405 | D:4      | Slain by Pikel

Skill      XL: |  1  2  3  4  5  6 |
---------------+-------------------+-----
Long Blades    | 3 4 5 |  5.0
Dodging        | 3 |  3.3
Armour         | 1 2 |  2.0
Shields        | 1 |  1.6
Stealth        | 1 |  1.1
Fighting       | |  2.8
Throwing       | |  1.9

Action                   |  1- 3 |  4- 6 || total
-------------------------+-------+-------++-------
Melee: Long sword        |    68 |   144 ||   212
  Use: Scroll            |     4 |     4 ||     8
       Potion            |       |     5 ||     5
 Stab: Invisible         |       |     2 ||     2
  Eat: Chunk             |       |     4 ||     4
Armor: Leather armour    |    29 |       ||    29
       Chain mail        |       |    89 ||    89
Dodge: Dodged            |    58 |    45 ||   103
Block: Shield            |    14 |    73 ||    87
       Rpst.: Long sword |    16 |    11 ||    27
